 Dungeon Crawl Stone Soup version 0.13-a0-2496-g11650dd (webtiles) character file.

151 Rycklaryybbe the Cutter (level 2, -13/21 HPs)
             Began as a Vampire Skald on July 22, 2013.
             Mangled by an orc warrior
             ... wielding a +0,+0 orcish halberd
              (21 damage)
             ... on Level 2 of the Dungeon.
             The game lasted 00:05:30 (1073 turns).

Rycklaryybbe the Cutter (Vampire Skald)             Turns: 1073, Time: 00:05:30

HP -13/21        AC  3     Str 11      XL: 2   Next: 93%
MP   6/6         EV 10     Int 14      God:
Gold 124         SH  0     Dex 13      Spells:  1 memorised,  4 levels left

Res.Fire  : . . .   See Invis. : +   a - +0 short sword
Res.Cold  : . . .   Warding    : .   b - +0 leather armour
Life Prot.: + . .   Conserve   : .   (no shield)
Res.Poison: .       Res.Corr.  : .   (no helmet)
Res.Elec. : .       Clarity    : +   (no cloak)
Sust.Abil.: . .     Spirit.Shd : .   (no gloves)
Res.Mut.  : .       Stasis     : .   (no boots)
Res.Rott. : .       Flight     : .   g - amulet of clarity {unknown}
Saprovore : . . .                    (no ring)
                                     (no ring)

@: not resistant to hostile enchantments, very unstealthy
A: fangs 3, see invisible, unbreathing
a: no special abilities


You were on level 2 of the Dungeon.
You were not thirsty.

You visited 1 branch of the dungeon, and saw 2 of its levels.

You collected 104 gold pieces.

Inventory:

Hand weapons
 a - a +0,+0 short sword (weapon)
Armour
 b - a +0 leather armour (worn)
 i - a +1 shield
Scrolls
 e - a scroll of identify {unknown}
 f - a scroll of enchant armour {unknown}
 j - a scroll of recharging {unknown}
 l - a scroll of enchant weapon II {unknown}
Jewellery
 g - an amulet of clarity (around neck) {unknown}
Potions
 d - a potion of blood
 h - a potion of curing {unknown}
 k - a potion of brilliance {unknown}
 m - a potion of restore abilities {unknown}
Books
 c - a book of Battle

   Spells                             Type                      Level
   *Infusion                          Charms                       1
   Shroud of Golubria                 Charms/Translocation         2
   Song of Slaying                    Charms                       2
   Spectral Weapon                    Hexes/Charms                 3
   Regeneration                       Charms/Necromancy            3
   Song of Shielding                  Charms                       4


   Skills:
 - Level 1.7 Fighting
 + Level 3.8 Short Blades
 - Level 0.7 Armour
 - Level 1.1 Dodging
 - Level 2.0 Spellcasting
 - Level 3.2 Charms


You had 4 spell levels left.
You knew the following spells:

 Your Spells              Type           Power        Failure   Level  Hunger
a - Infusion              Chrm           ##....       10%         1    ##.....


Dungeon Overview and Level Annotations

Branches:
Dungeon (2/27)

Altars:
Fedhas
Nemelex Xobeh


Innate Abilities, Weirdness & Mutations

You have razor-sharp teeth.
You have supernaturally acute eyesight.
You can survive without breathing.


Message History

Press: ? - help, Shift-Dir - straight line, f - worm
Aim: a worm (heavily wounded)
You throw a dart. The dart hits the worm.
The worm is heavily wounded.
Throwing (i - inventory):
n - a dart (quivered)
Press: ? - help, Shift-Dir - straight line, f/p - worm
Aim: a worm (heavily wounded)
You throw a dart. The dart hits the worm.
The worm is heavily wounded.
Firing (i - inventory): No suitable missiles.
Press: ? - help, Shift-Dir - straight line, f/p - worm
Aim: a worm (heavily wounded)
Okay, then.
You start resting.
You start resting.
An orc warrior comes into view. It is wielding an orcish halberd.
The orc warrior shouts!
The orc warrior hits you from afar with an orcish halberd!
Ouch! That really hurt!
You die...

.#.........###
#.####.####.# # #.#
#......# .#
##.####..###.#######.
....................
##[####.....######.####
#.# #.##.#.....[....
#.# #.##.#.####.o## #.#
#.##.#....@..# ...
#w##.#######.# #.#
#.....w.(..(.# #.#
####.##..##### #.#
#####.# ######..#
#⌠_.'..## #⌠_.'..#
###8####


You could see an orc warrior.

Vanquished Creatures
  2 giant geckos
  2 bats (D:1)
  2 giant cockroaches (D:1)
  5 hobgoblins
  7 kobolds
  3 goblins
  3 rats (D:1)
24 creatures vanquished.

Notes
Turn   | Place    | Note
--------------------------------------------------------------
     0 | D:1      | Rycklaryybbe, the Vampire Skald, began the quest for the Orb.
     0 | D:1      | Reached XP level 1. HP: 15/15 MP: 4/4
   323 | D:1      | Reached XP level 2. HP: 19/21 MP: 6/6
   723 | D:1      | HP: 1/21 [gnoll/whip (10)]
   999 | D:2      | Found a sparkling altar of Nemelex Xobeh.
   999 | D:2      | Found a blossoming altar of Fedhas.
  1073 | D:2      | Noticed an orc warrior
  1073 | D:2      | Mangled by an orc warrior

Action                   || total
-------------------------++-------
Melee: Short sword       ||    74
Throw: Dart              ||     2
 Cast: Infusion          ||    10
 Stab: Sleeping          ||     1
